AoeStats
← NPG | gab

Arabia

510674500Analyzed
1v1 RM · 14h ago on Oct 2, 2026· 36m 25s· 2 players
Game mode
Random Map
Map size
Tiny (2 player)
Population
200
Speed
Normal
Resources
Standard
Victory
Conquest
Starting age
Dark Age
Ending age
Imperial Age
RankedLock teamsTeams togetherTeam positionsShared explorationLock speedFull tech treeHidden civsTurbo modeCheats
Victory
Defeat
🇨🇳 Khitans · China
1320
+14
🇦🇷 Magyars · Argentina
1269
-14
NPG | gab
6:24 Loom
6:50 Loom
9:31 Feudal Age
20:55 Castle Age
21:07 Light Cavalry
22:43 Double-Bit Axe
23:00 Pikeman
24:01 Bloodlines
25:59 Scale Barding Armor
26:01 Husbandry
26:42 Scale Mail Armor
28:17 Chain Mail Armor
精锐蒙古突骑
6:27 Loom
9:25 Feudal Age
9:56 Double-Bit Axe
14:56 Forging
18:37 Wheelbarrow
22:55 Castle Age
22:00 Scale Barding Armor
24:20 Iron Casting
24:03 Gold Mining
25:00 Husbandry
35:06 Chain Barding Armor
Connection lost

Rejoining the realm…

Still unreachable

The connection could not be restored.

Session expired

The server has moved on; the page needs a fresh start.